 Dungeon Crawl Stone Soup version 0.22.0-49-gab54619 (webtiles) character file.

294 Nilihum the Covered (level 6, 0/57 HPs)
             Began as a Deep Dwarf Fighter on Sept 3, 2018.
             Killed by divine providence
             ... invoked by an orc priest
              (11 damage)
             ... on level 4 of the Dungeon.
             The game lasted 00:05:05 (2116 turns).

Nilihum the Covered (Deep Dwarf Fighter)            Turns: 2116, Time: 00:05:06

Health: 0/57       AC: 11    Str: 21    XL:     6   Next: 11%
Magic:  15/15      EV:  5    Int:  9    God:
Gold:   227        SH:  9    Dex: 12    Spells: 5/5 levels left

rFire    . . .     SeeInvis .   a - +0 war axe
rCold    . . .     Gourm    .   c - +0 shield
rNeg     . . .     Faith    .   s - +0 chain mail
rPois    .         Spirit   .   (no helmet)
rElec    .         Reflect  .   e - +0 cloak
rCorr    .         Harm     .   (no gloves)
MR       .....                  (no boots)
Stlth    ..........             (no amulet)
HPRegen  0.00/turn              p - ring of magical power {MP+9}
MPRegen  0.14/turn              (no ring)

@: non-regenerating
A: damage resistance, heal wounds, sense surroundings 1, no regeneration
a: Heal Wounds


You were on level 4 of the Dungeon.
You were hungry.

You visited 1 branch of the dungeon, and saw 4 of its levels.

You collected 227 gold pieces.

Inventory:

Hand Weapons
 a - a +0 war axe (weapon)
 b - a +0 hand axe of venom
   (You found it on level 3 of the Dungeon)
Armour
 c - a +0 shield (worn)
 e - a +0 cloak (worn)
   (You found it on level 1 of the Dungeon)
 s - a +0 chain mail (worn)
   (You found it on level 3 of the Dungeon)
Jewellery
 p - a ring of magical power (left hand) {MP+9}
   (You found it on level 2 of the Dungeon)
Scrolls
 h - 4 scrolls of identify {unknown}
 i - a scroll of enchant armour {unknown}
 j - 2 scrolls of teleportation {unknown}
 k - a scroll of fog {unknown}
 l - 2 scrolls of fear {unknown}
 n - a scroll of amnesia {unknown}
 o - 3 scrolls of immolation {unknown}
 q - a scroll of magic mapping {unknown}
Potions
 d - 2 potions of might
 m - 2 potions of agility {unknown}
 r - a potion of heal wounds {unknown}
Comestibles
 f - 5 rations
 g - 6 chunks of flesh {@w0}


   Skills:
 + Level 4.2 Fighting
 + Level 4.3 Axes
 + Level 5.1 Armour
 - Level 3.2 Shields


You had 5 spell levels left.
You didn't know any spells.
Your spell library was empty.

Dungeon Overview and Level Annotations

Branches:
Dungeon (4/15)
 Temple: D:4-7

Altars:

Annotations:
D:4 3 runed doors, Ymberto's ghost, novice NaTm


Innate Abilities, Weirdness & Mutations

You are resistant to damage.
You can heal yourself by infusing magical energy.
You passively map a small area around you.
You do not regenerate.


Message History

You hear a shout!
An orc comes into view. It is wielding a club.
The orc wizard casts a spell.
The orc wizard seems to speed up.
An orc comes into view.
An orc comes into view.
You completely miss the orc.
An orc comes into view. It is wielding a falchion.
The orc moves out of view.
You slash the orc wizard!
Your chain mail prevents you from hitting the orc.
An orc comes into view. It is wielding a falchion.
You block the orc wizard's attack. The orc hits you but does no damage.
An orc comes into view. It is wielding a hand axe.
The orc shouts! x2
You block the orc wizard's attack. The orc barely misses you.
The orc hits you with a hand axe. You block the orc's attack.
Found a stone staircase leading up.
Your shield and chain mail prevent you from hitting the orc wizard.
You hit the orc.
You kill the orc!
Your Armour skill increases to level 5!
You hit the orc.
Your shield and chain mail prevent you from hitting the orc.
The orc wizard casts a spell at you. The puff of flame hits you!
An orc comes into view. It is wielding a mace.
You block the orc's attack. The orc closely misses you.
The orc wizard hits you with a dagger. You block the orc's attack.
You hit the orc wizard but do no damage.
Your chain mail prevents you from hitting the orc.
You slash the orc!
You kill the orc!
You hit the orc.
The orc wizard hits you but does no damage.
You block the orc's attack. You block the orc wizard's attack.
The orc hits you. The orc hits you but does no damage.
You miss the orc wizard. You closely miss the orc.
Your shield and chain mail prevent you from hitting the orc.
You block the orc wizard's attack.
The orc wizard hits you but does no damage.
The orc hits you. The orc hits you but does no damage.
The orc wizard hits you but does no damage.
You hit the orc wizard.
You hit the orc but do no damage. x2; You hit the orc.
You kill the orc!
The orc wizard barely misses you. The orc completely misses you.
The orc throws a tomahawk.
The tomahawk barely misses you. The orc barely misses you.
You slash the orc wizard!
You kill the orc wizard!
You have reached level 6!
Your experience leads to an increase in your attributes!
Increase (S)trength, (I)ntelligence, or (D)exterity?
You feel stronger.
You completely miss the orc. You closely miss the orc.
You block the orc's attack. x3
You regained 2 hp, and now have 13/57 hp.
MP restored: 15 You closely miss the orc.
You hit the orc but do no damage. You slash the orc!
You kill the orc!
The orc hits you but does no damage.
The orc throws a tomahawk.
The tomahawk hits you but does no damage.
The orc barely misses you. The orc hits you but does no damage.
Your shield and chain mail prevent you from hitting the orc.
You hit the orc. The orc hits you but does no damage.
The orc closely misses you. The orc barely misses you.
You closely miss the orc. You slash the orc!
You kill the orc!
You slash the orc!
You kill the orc!
The orc hits you but does no damage.
You hit the orc. You closely miss the orc. You block the orc's attack.
The orc hits you.
Your chain mail prevents you from hitting the orc.
You slash the orc!
You kill the orc!
You block the orc's attack. The orc hits you.
* * * LOW HITPOINT WARNING * * *
You take 2 damage, and have 11/57 hp.
You hit the orc. You block the orc's attack.
You closely miss the orc. The orc hits you but does no damage.
You closely miss the orc. You block the orc's attack.
The orc hits you but does no damage.
You slash the orc!
You kill the orc!
Things that are here:
a leather armour; a hand axe; an orc corpse You butcher the orc corpse.
g - 6 chunks of flesh {@w0} (gained 4)
Things that are here:
a leather armour; a hand axe You are feeling hungry.
An orc priest comes into view. It is wielding a flail of holy wrath.
The orc priest shouts!
Things that are here:
a falchion; an orc corpse You butcher the orc corpse.
The orc priest calls down the wrath of Beogh upon you.
Beogh smites you!
You die...

#. #.# ####.###.#8 ,
#.... , ......#...*
** ##.....
......#... ,,....<..
* .........###*
,......! * *
,..........####
o.....# *
#.........)##......#
,
##....##(..()...#..#
,, ≈
#....#####[@.....# ,
#....# ####....# ,
#....# * ##... ,
#....# .. #....#
#.... #....# ##...
##....### ####
#....,, ,,
##.[.....##.... ...#
, ,,
####..............
*#..# * ,


You could see an orc priest.

Vanquished Creatures
  An orc wizard (D:4)
  Jessica (D:2)
  3 worker ants
  3 gnolls (D:3)
  4 adders
  An ooze (D:4)
  2 worms (D:2)
  2 dart slugs (D:1)
  A leopard gecko (D:3)
  9 orcs (D:4)
  A ball python (D:1)
  8 bats
  3 giant cockroaches
  6 hobgoblins
  11 jackals
  2 quokkas (D:3)
  2 frilled lizards
  4 goblins
  12 kobolds
  4 rats (D:1)
80 creatures vanquished.

Notes
Turn   | Place    | Note
-------+----------+-------------------------------------------
     0 | D:1      | Nilihum the Deep Dwarf Fighter began the quest for the Orb.
     0 | D:1      | Reached XP level 1. HP: 20/20 MP: 1/1
   240 | D:1      | Reached XP level 2. HP: 27/27 MP: 2/2
   253 | D:1      | Reached skill level 3 in Fighting
   742 | D:2      | Reached XP level 3. HP: 24/34 MP: 3/3
   821 | D:2      | Reached skill level 3 in Axes
   865 | D:2      | Reached skill level 4 in Armour
   941 | D:2      | Noticed Jessica
   963 | D:2      | Killed Jessica
   963 | D:2      | Reached XP level 4. HP: 23/42 MP: 4/4
  1530 | D:3      | Reached XP level 5. HP: 23/50 MP: 5/5
  1653 | D:3      | Reached skill level 4 in Axes
  1653 | D:3      | HP: 12/50 [gnoll/halberd (5)]
  1659 | D:3      | Reached skill level 4 in Fighting
  1866 | D:3      | HP: 11/50 [giant cockroach (1)]
  1941 | D:4      | Found a runed gate.
  1941 | D:4      | Noticed Ymberto's ghost (novice NaTm)
  1942 | D:4      | Found a runed gate.
  1948 | D:4      | Found a runed gate.
  2098 | D:4      | Reached skill level 5 in Armour
  2102 | D:4      | Reached XP level 6. HP: 13/57 MP: 6/6
  2107 | D:4      | HP: 11/57 [orc (2)]
  2116 | D:4      | Killed from afar by an orc priest

Skill      XL: |  1  2  3  4  5 |
---------------+----------------+-----
Fighting       | 3 4 |  4.2
Axes           | 3 4 |  4.3
Armour         | 4 5 |  5.1
Shields        | |  3.2

Action                   |  1- 3 |  4- 6 || total
-------------------------+-------+-------++-------
Melee: War axe           |   106 |   144 ||   250
  Eat: Chunk             |       |     4 ||     4
Armor: Scale mail        |    52 |    33 ||    85
       Chain mail        |       |    48 ||    48
Dodge: Dodged            |    39 |    42 ||    81
Block: Shield            |    59 |    92 ||   151

Vault maps used:
D:1:      elethiomel_arrival_shortcut
D:2:      wad_floor_pattern_untrapped, uniq_jessica
D:4:      grunt_temple_overflow_open, first_ration, ebering_ghost_rock_garden,
          minmay_splitting_lines, st_stairs_6, moated_statue,
          grunt_ministairs_7, minivault_1

Table legend:
 A = Turns spent in this place as a percentage of turns spent in the entire game.
 B = Non-inter-level travel turns spent in this place as a percentage of non-inter-level travel turns spent in the entire game.
 C = Inter-level travel turns spent in this place as a percentage of turns spent in this place.
 D = Turns resting spent in this place as a percentage of non-inter-level travel turns spent in this place.
 E = Turns spent auto-exploring this place as a percentage of non-inter-level travel turns spent in this place.
 F = Non-inter-level travel turns spent in this place divided by the number of levels of this place that you've seen.
                   A       B       C       D       E      F
               +-------+-------+-------+-------+-------+----------------------
         Total | 100.0 | 100.0 |   4.3 |   0.5 |  69.3 | 506.5
       Dungeon | 100.0 | 100.0 |   4.3 |   0.5 |  69.3 | 506.5
               +-------+-------+-------+-------+-------+----------------------

Table legend:
 A = Kills in this place as a percentage of kills in entire the game.
 B = Kills by you in this place as a percentage of kills by you in the entire game.
 C = Kills by friends in this place as a percentage of kills by friends in the entire game.
 D = Other kills in this place as a percentage of other kills in the entire game.
 E = Experience gained in this place as a percentage of experience gained in the entire game.
 F = Experience gained in this place divided by the number of levels of this place that you have seen.
                   A       B       C       D       E      F
               +-------+-------+-------+-------+-------+----------------------
         Total | 100.0 | 100.0 |   N/A |   N/A | 100.0 | 105.2
       Dungeon | 100.0 | 100.0 |   N/A |   N/A | 100.0 | 105.2
               +-------+-------+-------+-------+-------+----------------------
